[Event "Slovakian ECo-C Extraliga 2024-25"]
[Site "Slovakia"]
[Date "2024.11.24"]
[Round "2.3"]
[White "Stachowiak, Kamil"]
[Black "Kusa, Jakub"]
[Result "1/2-1/2"]
[Annotator "TA"]
[ECO "D02"]
[WhiteElo "2417"]
[BlackElo "2401"]
[PlyCount "27"]
[EventDate "2024.09.12"]
[EventType "team-tourn"]
[EventCountry "SVK"]
[SourceTitle "playchess.com"]
[Source "ChessBase"]
[SourceQuality "1"]
[TimeControl "5400+30"]

1. d4 d5 2. Nf3 e6 3. c4 a6 4. cxd5 exd5 5. Nc3 h6 6. Bf4 Nf6 7. e3 Bd6 8. Bg3 Bxg3 9. hxg3 O-O 10. Bd3 Re8 11. Qc2 Qe7 12. O-O c6 13. Rfe1 Be6 14. Rac1 1/2-1/2

[Event "Slovakian ECo-C Extraliga 2024-25"]
[Site "Slovakia"]
[Date "2024.11.24"]
[Round "2.3"]
[White "Stohl, Igor"]
[Black "Lipka, Juraj"]
[Result "1/2-1/2"]
[Annotator "TA"]
[ECO "E04"]
[WhiteElo "2412"]
[BlackElo "2350"]
[PlyCount "29"]
[EventDate "2024.09.12"]
[EventType "team-tourn"]
[EventCountry "SVK"]
[SourceTitle "playchess.com"]
[Source "ChessBase"]
[SourceQuality "1"]
[TimeControl "5400+30"]

1. d4 d5 2. Nf3 Nf6 3. c4 e6 4. g3 dxc4 5. Bg2 Bb4+ 6. Bd2 a5 7. Qc2 b6 8. Bxb4 axb4 9. Qxc4 Qd6 10. O-O Ba6 11. Qc2 O-O 12. Rc1 b3 13. Qxb3 $16 (13. axb3 Bd3 14. Rxa8 Bxc2 15. Rxc2 c5 $14) 13... Bxe2 14. Nc3 Ba6 $1 15. Ng5 1/2-1/2

[Event "Slovakian ECo-C Extraliga 2024-25"]
[Site "Slovakia"]
[Date "2024.11.24"]
[Round "2.3"]
[White "Bokros, Albert"]
[Black "Rohacek, Miroslav"]
[Result "1-0"]
[Annotator "TA"]
[ECO "B54"]
[WhiteElo "2396"]
[BlackElo "2245"]
[PlyCount "71"]
[EventDate "2024.09.12"]
[EventType "team-tourn"]
[EventCountry "SVK"]
[SourceTitle "playchess.com"]
[Source "ChessBase"]
[SourceQuality "1"]
[TimeControl "5400+30"]

1. e4 c5 2. Nf3 d6 3. d4 cxd4 4. Nxd4 Nf6 5. f3 e5 6. Nb3 d5 7. exd5 (7. Bg5 $1 $14) 7... Nxd5 $11 8. Bb5+ Nc6 9. Bd2 Be7 10. Ba5 Qd6 11. Nc3 Nxc3 ({Black should try} 11... Be6 $11) 12. Qxd6 $14 Bxd6 13. Bxc3 Kd8 $2 (13... Bc7 $14) 14. O-O-O Kc7 15. Bxc6 $1 Kxc6 16. Na5+ Kc7 17. Nc4 $1 $36 {[%emt 0:00:08][%csl LRd6,LRe5][%mdl 2048] Prevents f6. Keeping Black busy.} Bc5 18. Bxe5+ Kc6 19. Bxg7 Rg8 {[%emt 0:01:49] [#]} 20. Bd4 $1 Bxd4 21. Rxd4 Rxg2 22. Ne5+ Kc5 (22... Kb6 $142 23. Rd8 (23. Nxf7 Bf5 $16) 23... a6 24. Nxf7 Ka7) 23. Rhd1 (23. Rd8 $18) 23... Be6 $16 24. Rh4 Re8 (24... Kb6 $16) 25. b3 $18 (25. Rxh7 Bf5 26. b4+ (26. Rxf7 $2 {too greedy.} Rxe5 27. f4 Rxc2+ 28. Kb1 Rd2+ 29. Kc1 Rxd1+ 30. Kxd1 Bg4+ 31. Kc1 Re1+ 32. Kd2 Re2+ 33. Kc3 Bf3 $19) 26... Kb6 27. Nc4+ (27. Rxf7 Rxc2+ 28. Kb1 Rd2+ 29. Rxf5 Rxd1+ 30. Kc2 Re1 $17) 27... Kc6 28. Rh6+ (28. Rxf7 Rxc2+ 29. Kb1 Rd2+ 30. Kc1 Rc2+ 31. Kb1 Rxc4+ 32. Rxf5 Rxb4+ 33. Kc1 Rc4+ 34. Kb2 Re2+ 35. Kb3 b5 $11) 28... Re6 29. Rxe6+ Bxe6 30. Rd6+ Kc7 $14) 25... b5 26. Nd3+ Kb6 27. Rxh7 Re7 (27... Rd8 28. Rh6 Rd4) 28. Rh6 {[%emt 0:04:22] Nf4 is the strong threat.} Kc7 29. Rh5 a6 30. Rd2 Rg1+ {[%emt 0:01:35] [#]} 31. Kb2 $1 Rd7 32. Re2 Bd5 33. Rf2 Rd6 34. Nc5 a5 (34... Be6 {was necessary.} 35. a3 Rg6) 35. Ne4 Rd8 36. Nc3 1-0

[Event "Slovakian ECo-C Extraliga 2024-25"]
[Site "Slovakia"]
[Date "2024.11.24"]
[Round "2.3"]
[White "Ongut, Tamas Gunes"]
[Black "Turcan, Richard"]
[Result "0-1"]
[Annotator "TA"]
[ECO "E24"]
[WhiteElo "2215"]
[BlackElo "2348"]
[PlyCount "60"]
[EventDate "2024.09.12"]
[EventType "team-tourn"]
[EventCountry "SVK"]
[SourceTitle "playchess.com"]
[Source "ChessBase"]
[SourceQuality "1"]
[TimeControl "5400+30"]

1. d4 Nf6 2. c4 e6 3. Nc3 Bb4 4. a3 Bxc3+ 5. bxc3 Nc6 6. f3 b6 7. e4 Ba6 8. Bd3 Na5 9. Qe2 c5 10. Bg5 h6 11. Bh4 cxd4 12. Nh3 (12. cxd4 $15 Rc8 13. Qd1) 12... Qc7 13. cxd4 Nb3 (13... Nxc4 $6 14. O-O $14) 14. Rd1 Nxd4 {[%emt 0:01:20] Black is more active. Excellent horsemanship.} 15. Qb2 Qe5 16. Qf2 Qa5+ 17. Kf1 (17. Qd2 $17 {keeps fighting.}) 17... e5 18. g4 g5 19. Bg3 d6 (19... Qxa3 $2 20. Bxe5 Ne6 21. Bxf6 $18) 20. Kg2 Qxa3 21. Ng1 h5 22. Ne2 h4 $2 (22... hxg4 23. Nxd4 exd4 24. Qxd4 Qa2+ (24... gxf3+ 25. Kxf3 Rh6 26. Ra1 $14) 25. Kg1 gxf3 26. Bf2 $11) (22... Ne6 $19 {and Black stays clearly on top.} 23. h3 h4) 23. Nxd4 $17 {[%emt 0:00:33][%cal Od4f5] Hoping for Nf5!.} hxg3 24. hxg3 $2 (24. Kxg3 $17 Qc5 (24... exd4 25. Qxd4 Rh6 26. Ra1 $15) 25. Nf5) 24... Rxh1 $19 25. Kxh1 exd4 26. Qxd4 Nd7 27. Qh8+ Nf8 {[%emt 0:00:30][%cal Oa6c4] and ...Bxc4! would now be decisive} 28. e5 Qb3 29. Rd2 Qc3 30. Be4 Qc1+ ({And not} 30... Qxe5 31. Qxe5+ dxe5 32. Bxa8 $11) 0-1

[Event "Slovakian ECo-C Extraliga 2024-25"]
[Site "Slovakia"]
[Date "2024.11.24"]
[Round "2.4"]
[White "Simacek, Pavel"]
[Black "Berczes, David"]
[Result "0-1"]
[Annotator "TA"]
[ECO "E46"]
[WhiteElo "2452"]
[BlackElo "2413"]
[PlyCount "59"]
[EventDate "2024.09.12"]
[EventType "team-tourn"]
[EventCountry "SVK"]
[SourceTitle "playchess.com"]
[Source "ChessBase"]
[SourceQuality "1"]
[TimeControl "5400+30"]

1. d4 Nf6 2. c4 e6 3. Nc3 Bb4 4. e3 O-O 5. Nge2 d5 6. a3 Be7 7. Ng3 c5 8. dxc5 dxc4 9. Qc2 b5 10. cxb6 Bb7 {[%emt 0:00:41] The position is equal.} 11. Bxc4 (11. bxa7 $11 Nbd7 12. e4) 11... Bxg2 $17 12. Rg1 Bb7 13. e4 Nc6 {[%emt 0:19:03] Hoping for ...Rc8.} 14. Be3 Ng4 15. Nh5 (15. Qe2 $17 {was necessary.} Nxe3 (15... Nxh2 $2 16. Rd1 $18) 16. Qxe3 Qxb6 (16... axb6 17. Rd1 $11) 17. Qxb6 axb6 18. O-O-O) 15... Nxe3 $19 (15... Nxh2 $2 16. Rxg7+ Kh8 17. e5 Nf3+ 18. Kf1 Nh2+ 19. Ke2 Nd4+ 20. Bxd4 Bf3+ 21. Ke1 $18) 16. Rxg7+ Kh8 17. fxe3 {[%emt 0:00:04][%cal Oe4e5] And now e5! would win.} Ne5 $36 {[%emt 0:05:06][%mdl 2048] Black is on the roll.} (17... axb6 $2 {loses.} 18. e5 Bh4+ 19. Ke2 $18) 18. Qg2 {[%emt 0:11:40][%cal Og7h7] [#] White wants to mate with Rxh7+!} Ng6 $1 {[%emt 0:04:07] ...Bh4+ is the strong threat. Chess con chili.} ({Weaker is} 18... Nxc4 19. Rxh7+ Kxh7 20. Qg7#) 19. Qh3 (19. bxa7 Rxa7 20. Bb5) 19... Bh4+ (19... axb6 $2 20. Rd1 Bh4+ 21. Kf1 $19) 20. Ke2 Qxb6 21. b3 Qa5 22. Nb5 Rad8 23. b4 Qa4 24. Rc1 {[%emt 0:00:06] Wards off Qc2+} Ba6 {[%emt 0:02:09] This pair of bishops is nice.} 25. Rxg6 fxg6 26. Nf4 Rxf4 (26... Bxb5 $142 27. Qxh4 Bxc4+ (27... Qxa3 $2 28. Nxg6+ Kg7 29. Nf4 $19) 28. Kf3 e5 (28... Qxa3 $2 29. Qe1 $19)) 27. exf4 {[%emt 0:00:10] [#] Qc3+ would kill now.} Bxb5 28. Qxh4 (28. Qxe6 $142 Bxc4+ (28... Qxa3 29. Qe5+) (28... Re8 $2 29. Qd5 $19) 29. Qxc4) 28... Bxc4+ 29. Kf2 Rd2+ 30. Ke3 {[%emt 0:00:30] White got outplayed after the opening.   Weighted Error Value: White=1.13/Black=0.15 (very precise) .  Mistake:       	White=4     	---        Inaccurate:     	White=4     	---        OK:         	White=5     	Black=5      Best:        	White=1     	Black=4      Strong:       	---       	Black=1} 0-1

[Event "Slovakian ECo-C Extraliga 2024-25"]
[Site "Slovakia"]
[Date "2024.11.24"]
[Round "2.4"]
[White "Chovan, Milan"]
[Black "Baidetskyi, Valentin"]
[Result "0-1"]
[Annotator "RC"]
[ECO "E32"]
[WhiteElo "2349"]
[BlackElo "2512"]
[PlyCount "44"]
[EventDate "2024.09.12"]
[EventType "team-tourn"]
[EventCountry "SVK"]
[SourceTitle "playchess.com"]
[Source "ChessBase"]
[SourceQuality "1"]
[TimeControl "5400+30"]

1. d4 Nf6 2. c4 e6 3. Nc3 Bb4 4. Qc2 h6 5. a3 Bxc3+ 6. Qxc3 b6 7. f3 d5 8. e3 Ba6 9. b3 O-O 10. Bd3 Nbd7 11. Ne2 c5 12. O-O Rc8 13. a4 dxc4 14. bxc4 cxd4 15. exd4 e5 16. dxe5 Nxe5 17. Qxe5 Qxd3 18. Nf4 Qxc4 19. Rd1 Rfe8 20. Qd6 Rc6 21. Qd2 Qc5+ 22. Kh1 Rd6 0-1

[Event "Slovakian ECo-C Extraliga 2024-25"]
[Site "Slovakia"]
[Date "2024.11.24"]
[Round "2.4"]
[White "Roubalik, Jakub"]
[Black "Butkiewicz, Lukasz"]
[Result "1/2-1/2"]
[Annotator "RC"]
[ECO "E29"]
[WhiteElo "2315"]
[BlackElo "2344"]
[PlyCount "50"]
[EventDate "2024.09.12"]
[EventType "team-tourn"]
[EventCountry "SVK"]
[SourceTitle "playchess.com"]
[Source "ChessBase"]
[SourceQuality "1"]
[TimeControl "5400+30"]

1. d4 Nf6 2. c4 e6 3. Nc3 Bb4 4. e3 O-O 5. Bd3 c5 6. a3 Bxc3+ 7. bxc3 Nc6 8. Ne2 d6 9. e4 e5 10. d5 Ne7 11. O-O Ng6 12. f3 h6 13. Be3 Nh7 14. Qd2 Qe7 15. Ng3 Nh4 16. Rae1 Ng6 17. Nf5 Qf6 18. g3 Re8 19. h4 Ne7 20. Nxe7+ Qxe7 21. Qh2 Bd7 22. f4 Nf6 23. f5 Rab8 24. Qe2 a6 25. g4 Nh7 1/2-1/2

[Event "Slovakian ECo-C Extraliga 2024-25"]
[Site "Slovakia"]
[Date "2024.11.24"]
[Round "2.4"]
[White "Karas, Marek"]
[Black "Piesik, Piotr"]
[Result "0-1"]
[Annotator "RC"]
[ECO "B17"]
[WhiteElo "2161"]
[BlackElo "2421"]
[PlyCount "78"]
[EventDate "2024.09.12"]
[EventType "team-tourn"]
[EventCountry "SVK"]
[SourceTitle "playchess.com"]
[Source "ChessBase"]
[SourceQuality "1"]
[TimeControl "5400+30"]

1. e4 c6 2. d4 d5 3. Nc3 dxe4 4. Nxe4 Nd7 5. Ng5 Ngf6 6. Bd3 e6 7. N1f3 Bd6 8. Qe2 h6 9. Ne4 Nxe4 10. Qxe4 Qc7 11. Qg4 Kf8 12. O-O b6 13. b3 Bb7 14. Bb2 Nf6 15. Qh3 Nd5 16. Qg4 Nf4 17. Ne5 g5 18. Rfe1 Rg8 19. Bf1 Rd8 20. Nc4 h5 21. Qd1 Be7 22. Qc1 c5 23. c3 g4 24. Qc2 Nh3+ 25. Kh1 Qf4 26. Re2 Bh4 27. dxc5 Nxf2+ 28. Rxf2 Qxf2 29. Qxf2 Bxf2 30. cxb6 axb6 31. Ba3+ Kg7 32. Nd6 Bc6 33. Be2 g3 34. Bf3 Bxf3 35. gxf3 gxh2 36. Ne4 Be3 37. Be7 Rd3 38. Bf6+ Kh6 39. Kxh2 Bf4+ 0-1

[Event "Slovakian ECo-C Extraliga 2024-25"]
[Site "Slovakia"]
[Date "2024.11.24"]
[Round "2.4"]
[White "?"]
[Black "Rigo, Zsolt"]
[Result "0-1"]
[Annotator "TA"]
[ECO "B41"]
[WhiteElo "2036"]
[BlackElo "2403"]
[PlyCount "40"]
[EventDate "2024.09.12"]
[EventType "team-tourn"]
[EventCountry "SVK"]
[SourceTitle "playchess.com"]
[Source "ChessBase"]
[SourceQuality "1"]
[TimeControl "5400+30"]

1. e4 c5 2. Nf3 e6 3. d4 cxd4 4. Nxd4 a6 5. c4 Nf6 6. Nc3 Qc7 7. Qe2 d6 8. Bg5 Be7 9. f4 (9. g3 $11) 9... h6 $15 10. Bxf6 Bxf6 11. O-O-O O-O (11... Nc6 $5 12. Nxc6 Bxc3 $15 (12... bxc6 13. Qd2 $15)) 12. Kb1 Nc6 13. Nxc6 {[%emt 0:02:22][%cal Oe4e5] and e5! should not be overlooked} bxc6 (13... Bxc3 $5 14. Nd4 Bxd4 15. Rxd4 e5 16. fxe5 dxe5 $17) 14. Qe3 (14. Qc2 $15) 14... Rb8 $17 15. Re1 (15. Rd2 $17) 15... Rd8 {[%emt 0:15:34] ...Qa5 is the strong threat.} 16. h4 {[%emt 0:02:39] [#]} (16. Qd2 {is a better defense.}) 16... d5 $1 $19 17. e5 $2 (17. Qc1) 17... d4 18. Qg3 dxc3 19. exf6 (19. Qxc3 $19 Be7 20. c5) 19... Rxb2+ 20. Kc1 {[%emt 0:00:43] [#]} Rb1+ $3 0-1

[Event "Slovakian ECo-C Extraliga 2024-25"]
[Site "Slovakia"]
[Date "2024.11.24"]
[Round "2.5"]
[White "Hujbert, Florian"]
[Black "Mrva, Martin"]
[Result "0-1"]
[Annotator "TA"]
[ECO "A05"]
[WhiteElo "2423"]
[BlackElo "2384"]
[PlyCount "120"]
[EventDate "2024.09.12"]
[EventType "team-tourn"]
[EventCountry "SVK"]
[SourceTitle "playchess.com"]
[Source "ChessBase"]
[SourceQuality "1"]
[TimeControl "5400+30"]

1. Nf3 Nf6 2. g3 c5 3. Bg2 d5 4. O-O a6 5. d3 Nc6 6. Bf4 h6 7. Ne5 Bd7 8. c4 Nxe5 9. Bxe5 Ng4 10. Bf4 g5 11. Bd2 d4 12. Bxb7 Rb8 13. Bg2 Qc7 14. Qe1 Bc6 15. Ba5 Qb7 16. Bxc6+ Qxc6 17. Nd2 h5 18. Nf3 f6 {[%emt 0:05:26] [#]} (18... Qc8 $142) 19. b4 (19. Rb1 $142 $1) 19... e5 (19... h4 $142) 20. bxc5 Bxc5 21. Rb1 Kf7 22. Rxb8 Rxb8 23. Qd2 Kg6 $2 (23... Ba3 $16) 24. h3 $18 Qb7 25. hxg4 hxg4 26. Nh2 Qh7 27. f3 (27. Nxg4 Qh3 28. e4 dxe3 (28... Qxg4 29. Kg2 $11) 29. fxe3 (29. Nxe3 $2 Rh8 30. f3 Bxe3+ 31. Qxe3 Qxg3#) 29... Qxg4 $15) (27. e4 $142) 27... Qh3 $18 {[%emt 0:00:31] [#]} 28. Qe1 $1 (28. fxg4 e4 29. Qe1 (29. dxe4 $2 Qxg3+ 30. Kh1 Rh8 $19) 29... e3 $15) 28... gxf3 29. Qf2 $2 ({Inferior is} 29. exf3 Rb2 30. Rf2 (30. Bd2 Bb4 $11) 30... Qxg3+ 31. Kf1 Qh3+ 32. Kg1 Qg3+ 33. Kf1 Qh3+ 34. Kg1 Qg3+ $11) (29. Nxf3 Rh8 30. Kf2 g4 $15) ({White must play} 29. Rxf3 $18 {Strongly threatening g4.} e4 30. Qf1 (30. dxe4 d3+ 31. e3 Rb2 $18) 30... Qxf1+ 31. Rxf1) 29... e4 $1 $14 30. Nxf3 $1 (30. dxe4 {gets mated.} d3 31. exf3 Qxg3+ (31... Bxf2+ $2 32. Rxf2 Qxg3+ 33. Rg2 $19) 32. Kh1 Bxf2) 30... exf3 31. Qxf3 Be7 (31... Qe6 $14) 32. Bc7 $16 Rc8 $2 (32... Rh8 $16 33. Qe4+ Kf7) 33. Bb6 Rh8 34. Qg2 (34. Bxd4 $2 Qh2#) (34. Rf2 $18 {and White stays clearly on top.}) 34... Qg4 $16 35. Rf3 ({Better is} 35. c5 $16) 35... Rb8 36. c5 Rc8 37. Qf2 f5 38. Qh2 Bf6 39. a4 a5 40. Qg2 Be5 $1 41. Kf1 Qh5 42. Rf2 g4 43. Qd5 Re8 44. Qc6+ Kg5 45. Bxa5 Bxg3 46. Bd2+ f4 47. Qd5+ Kg6 48. Qxh5+ Kxh5 49. Rg2 $2 (49. Bxf4 $1 $11 {and White has nothing to worry.} Bxf2 50. Kxf2) 49... Rc8 $2 (49... Rb8 $19 {( -> ...Rb1+)} 50. Rxg3 fxg3) 50. Rg1 $1 $15 Rxc5 51. Rh1+ $1 Kg6 52. Kg2 $2 (52. Rh8 $11) 52... Rc2 $19 53. Rd1 Ra2 54. a5 Kf5 55. Kf1 f3 56. exf3 gxf3 57. Kg1 Kg4 58. Kh1 Kh4 59. Kg1 Kh3 60. Kh1 Bf2 0-1

[Event "Slovakian ECo-C Extraliga 2024-25"]
[Site "Slovakia"]
[Date "2024.11.24"]
[Round "2.5"]
[White "Jurcik, Marian"]
[Black "Istona, Martin"]
[Result "1-0"]
[Annotator "RC"]
[ECO "B31"]
[WhiteElo "2408"]
[BlackElo "2223"]
[PlyCount "63"]
[EventDate "2024.09.12"]
[EventType "team-tourn"]
[EventCountry "SVK"]
[SourceTitle "playchess.com"]
[Source "ChessBase"]
[SourceQuality "1"]
[TimeControl "5400+30"]

1. e4 c5 2. Nf3 Nc6 3. Bb5 g6 4. Bxc6 dxc6 5. d3 Bg7 6. a4 Nf6 7. h3 Nd7 8. Nbd2 e5 9. Nc4 Qe7 10. O-O O-O 11. Bg5 f6 12. Be3 Rd8 13. Nfd2 Nf8 14. f4 exf4 15. Bxf4 f5 16. Bg3 Be6 17. exf5 Bxf5 18. Qf3 Rd7 19. Rae1 Qd8 20. Ne4 Ne6 21. Ned6 Nd4 22. Qf2 b5 23. Re8+ Qxe8 24. Nxe8 Rxe8 25. Ne3 Rde7 26. Bf4 Be6 27. c3 Rf7 28. cxd4 Bxd4 29. Qg3 Ref8 30. Kh2 Bxe3 31. Qxe3 Bd5 32. Rf2 1-0

[Event "Slovakian ECo-C Extraliga 2024-25"]
[Site "Slovakia"]
[Date "2024.11.24"]
[Round "2.5"]
[White "Jablonicky, Martin"]
[Black "Havlicek, Libor"]
[Result "1-0"]
[Annotator "TA"]
[ECO "B90"]
[WhiteElo "2400"]
[BlackElo "2288"]
[PlyCount "51"]
[EventDate "2024.09.12"]
[EventType "team-tourn"]
[EventCountry "SVK"]
[SourceTitle "playchess.com"]
[Source "ChessBase"]
[SourceQuality "1"]
[TimeControl "5400+30"]

1. e4 c5 2. Nf3 d6 3. d4 cxd4 4. Nxd4 Nf6 5. Nc3 a6 6. Bc4 e6 7. Bb3 Qc7 8. Be3 Nc6 9. Qe2 b5 10. O-O-O (10. Nxc6 $5 Qxc6 11. Bd4 $14) 10... Ne5 (10... b4 $11 11. Na4 Na5) 11. f4 $16 Nc6 (11... Ned7 $16) 12. Nxc6 $18 Qxc6 13. Bd4 {[%emt 0:01:24] Bxf6 would now be deadly.} Be7 {[%emt 0:03:17] [#]} (13... Bb7 {is a better defense.} 14. Bxf6 gxf6) 14. Nd5 $1 Bb7 (14... exd5 15. Bxf6) 15. Bxf6 $2 (15. Nxe7 $18 {is the precise move to win.} Kxe7 16. e5 dxe5 17. Qxe5) 15... Bxf6 (15... gxf6 $16 16. Nxe7 Kxe7) 16. Nxf6+ gxf6 {[%emt 0:00:07] [#]} 17. Bd5 $1 Qc7 (17... Qd7 18. Bxb7) 18. Bxb7 Qxb7 19. Rxd6 O-O 20. Qg4+ Kh8 21. Qh4 Kg7 $2 (21... Qxe4 22. Qxf6+ Kg8) 22. Rd3 {[%emt 0:00:08] Intending Rg3+ and mate.} Rg8 23. Re1 (23. e5 $142 h6 24. f5 (24. Qxf6+ Kh7 $18) (24. Rh3 Kf8 $18)) 23... h6 $2 (23... Rad8 24. Rg3+ Kf8 25. Qxf6 Qb6) 24. Rg3+ Kf8 25. Rxg8+ ({Much less strong is} 25. Qxf6 Rxg3 26. hxg3 Qc6 27. Qxh6+ Ke8 $18) 25... Kxg8 26. Qxh6 1-0

[Event "Slovakian ECo-C Extraliga 2024-25"]
[Site "Slovakia"]
[Date "2024.11.24"]
[Round "2.5"]
[White "Pasti, Aron"]
[Black "Meszaros, Casey Ryan"]
[Result "1-0"]
[Annotator "TA"]
[ECO "A05"]
[WhiteElo "2355"]
[BlackElo "1952"]
[PlyCount "59"]
[EventDate "2024.09.12"]
[EventType "team-tourn"]
[EventCountry "SVK"]
[SourceTitle "playchess.com"]
[Source "ChessBase"]
[SourceQuality "1"]
[TimeControl "5400+30"]

1. Nf3 Nf6 2. g3 g6 3. Bg2 Bg7 4. O-O O-O 5. c4 c5 6. Nc3 d5 7. cxd5 Nxd5 8. Qb3 Nb4 9. d3 Be6 10. Qd1 h6 {[%emt 0:05:26] Against Ng5} (10... N8c6 $11 {is more appropriate.}) 11. Be3 $14 N8a6 12. Ne4 ({White should try} 12. Qd2 $14) 12... Rc8 {[%emt 0:01:43] [#]} (12... b6 $11 {keeps the balance.}) 13. Qd2 $1 $16 c4 14. a3 Nc6 15. Bxh6 {[%emt 0:01:07] White is more active.} cxd3 16. Bxg7 Kxg7 17. Rfd1 Na5 {[%emt 0:06:59] [#]} ({Black should play} 17... Qb6) 18. b4 $1 (18. Qxd3 Qxd3 19. Rxd3 Rfd8 $16) (18. exd3 Nb3 19. Qg5 f6 $17) 18... Rc2 (18... Nc4 $16 19. Qa2 (19. Qxd3 Nb2 $16) 19... Nb6) 19. Qxd3 Qxd3 20. Rxd3 ({Much less strong is} 20. exd3 Nb3 $16) 20... Nb3 21. Re1 $36 {[%emt 0:00:09][%mdl 2048] Black is under strong pressure.} Nc1 (21... Rfc8 $16) 22. Re3 Rd8 {[%emt 0:00:56] Dodges Nd4} 23. Neg5 Nc7 24. Nxe6+ Nxe6 25. Bh3 Kf6 (25... Nd4) 26. Bxe6 $18 fxe6 27. h4 Rd5 28. Ng5 e5 29. Kf1 a5 $2 {[%emt 0:01:26] [#]} (29... Kg7 {was necessary.} 30. Rf3 Kg8) 30. Rc3 $1 1-0

[Event "Slovakian ECo-C Extraliga 2024-25"]
[Site "Slovakia"]
[Date "2024.11.24"]
[Round "2.5"]
[White "Zambor, Norbert"]
[Black "Motuz, Karol"]
[Result "*"]
[Annotator "RC"]
[ECO "B22"]
[WhiteElo "2227"]
[BlackElo "2305"]
[PlyCount "24"]
[EventDate "2024.09.12"]
[EventType "team-tourn"]
[EventCountry "SVK"]
[SourceTitle "playchess.com"]
[Source "ChessBase"]
[SourceQuality "1"]
[TimeControl "5400+30"]

1. e4 c5 2. c3 Nf6 3. e5 Nd5 4. Nf3 Nc6 5. Bc4 Nb6 6. Bb3 c4 7. Bc2 d6 8. exd6 Qxd6 9. O-O Bg4 10. h3 Bh5 11. Re1 O-O-O 12. b3 Ne5 *

[Event "Slovakian ECo-C Extraliga 2024-25"]
[Site "Slovakia"]
[Date "2024.11.24"]
[Round "2.5"]
[White "Terbe, Julianna"]
[Black "Hrabusa, Matej"]
[Result "*"]
[Annotator "RC"]
[ECO "E48"]
[WhiteElo "2225"]
[BlackElo "2338"]
[PlyCount "21"]
[EventDate "2024.09.12"]
[EventType "team-tourn"]
[EventCountry "SVK"]
[SourceTitle "playchess.com"]
[Source "ChessBase"]
[SourceQuality "1"]
[TimeControl "5400+30"]

1. d4 Nf6 2. c4 e6 3. Nc3 Bb4 4. e3 O-O 5. Bd3 d5 6. cxd5 exd5 7. a3 Bd6 8. Qc2 c6 9. Nge2 Re8 10. Bd2 Qe7 11. f3 *

[Event "Slovakian ECo-C Extraliga 2024-25"]
[Site "Slovakia"]
[Date "2024.11.24"]
[Round "2.5"]
[White "Terbe, Zsuzsanna"]
[Black "Hrabusa, Matej"]
[Result "0-1"]
[Annotator "TA"]
[ECO "E48"]
[WhiteElo "2160"]
[BlackElo "2338"]
[PlyCount "110"]
[EventDate "2024.09.12"]
[EventType "team-tourn"]
[EventCountry "SVK"]
[SourceTitle "playchess.com"]
[Source "ChessBase"]
[SourceQuality "1"]
[TimeControl "5400+30"]

1. d4 Nf6 2. c4 e6 3. Nc3 Bb4 4. e3 O-O 5. Bd3 d5 6. cxd5 exd5 7. a3 Bd6 8. Qc2 c6 9. Nge2 Re8 10. Bd2 Qe7 (10... b6 $15) 11. f3 c5 $1 12. Nb5 c4 13. Bf5 Nc6 14. Nxd6 Qxd6 15. O-O b5 16. Ng3 g6 17. Bxc8 Raxc8 18. b4 h5 19. Rfe1 (19. Ne2 $11 {keeps the balance.}) 19... Re6 (19... h4 $17 20. Ne2 Qd8) 20. Bc3 $15 Rce8 21. Qd2 (21. Qf2 $15 {was preferable.}) 21... h4 $17 22. Nf1 Ne7 23. Re2 (23. Qf2 $142) 23... Nf5 $17 24. Rae1 Qe7 25. Bb2 Qb7 26. Qc3 Nh5 27. Qd2 Qe7 (27... a6 $17 28. Bc3 R8e7) 28. Kf2 $2 (28. e4 $11) 28... Nd6 (28... g5 $19 {is more deadly. and ...Qf6 would now be decisive} 29. g3 hxg3+ 30. hxg3 Qf6) 29. Bc1 $2 (29. e4 $17 {was forced.}) 29... f5 30. g3 Nf6 31. Kg1 Qh7 32. Rg2 Kf7 33. Qc2 Rh8 34. Nd2 $2 (34. Qd1) 34... hxg3 $19 35. hxg3 $2 (35. Nf1 gxh2+ 36. Rxh2) 35... Nde4 36. Nxe4 dxe4 37. Qe2 exf3 38. Qxf3 Ng4 $2 (38... Ne4 39. Kf1 Ng5) 39. Qb7+ $2 (39. Ra2 {was called for.}) 39... Re7 $19 40. Qd5+ Kg7 41. Rge2 (41. Rc2 $142) 41... Nf6 $19 42. Qg2 Ne4 43. Bb2 $2 (43. d5 c3 44. Rc2) 43... Qh5 $19 44. Rc2 Kg8 45. d5 Rh6 46. g4 Qh4 47. Rec1 Qg5 48. Bd4 Rh4 (48... Qxg4 $2 49. Qxg4 fxg4 50. Rh2 Rxh2 51. Kxh2 $19) (48... fxg4 $2 49. d6 Nxd6 50. Rf1 $17) 49. gxf5 Rg4 (49... gxf5 $2 50. Bf6 $18 (50. Qxg5+ Nxg5 51. Rg2 Rg4 $11)) 50. fxg6 Qxg6 51. Rf1 Rf7 ({Stronger than} 51... Rxg2+ 52. Rxg2 Ng5 53. Bf6 $15) 52. Qxg4 Qxg4+ 53. Rg2 Ng3 54. Rff2 Qd1+ 55. Kh2 Rxf2 0-1

[Event "Slovakian ECo-C Extraliga 2024-25"]
[Site "Slovakia"]
[Date "2024.11.24"]
[Round "2.6"]
[White "Schwarz, Dusan"]
[Black "Toth, Ervin"]
[Result "0-1"]
[Annotator "TA"]
[ECO "E11"]
[WhiteElo "2296"]
[BlackElo "2409"]
[PlyCount "68"]
[EventDate "2024.09.12"]
[EventType "team-tourn"]
[EventCountry "SVK"]
[SourceTitle "playchess.com"]
[Source "ChessBase"]
[SourceQuality "1"]
[TimeControl "5400+30"]

1. d4 Nf6 2. c4 e6 3. Nf3 Bb4+ 4. Nbd2 b6 5. a3 Be7 6. e4 d5 7. e5 Nfd7 8. Bd3 c5 9. O-O (9. cxd5 $1 $16 exd5 10. O-O) 9... Nc6 10. cxd5 exd5 {[%emt 0:00:09] [#]} 11. Re1 $1 O-O {[%emt 0:03:52] [#]} 12. b4 $1 Re8 13. Qc2 {[%emt 0:05:33] aiming for e6.} Nf8 14. bxc5 bxc5 15. dxc5 Bg4 16. Bb2 h6 17. Rac1 Bg5 (17... Rc8 $14) 18. Nxg5 (18. Bb5 $16 Rc8 19. Nxg5 Qxg5 20. Re3) 18... Qxg5 $14 19. g3 Ne6 ({Black should play} 19... Qh5 $14) 20. f4 $16 Qh5 {[%emt 0:01:13] [#]} 21. Qa4 (21. f5 $1 $16 ) 21... Rec8 $1 $11 22. Bf1 Rab8 23. Ba1 Rc7 24. Bg2 Ne7 25. c6 Rbc8 26. Nb3 Nxc6 27. Bxd5 Bf3 28. Bxf3 Qxf3 29. Qe4 $2 (29. Rc3 $14 {keeps the upper hand.} Qg4 30. Qe4) 29... Qxb3 $19 30. Re3 Qb6 31. Kh1 (31. Rb1 $142 Qc5 32. Bc3) 31... Ne7 32. Rd1 Rc4 33. Qf3 Rc1 {[%emt 0:01:03] White must now prevent ...Rxd1+.} 34. Ree1 Qb1 0-1